AoeStats
← Monkey Boy

Fortress

510423518Analyzed
1v1 RM · 3d ago on Sep 30, 2026· 48m 30s· 2 players
Game mode
Random Map
Map size
Small (3 player)
Population
200
Speed
Normal
Resources
Standard
Victory
Conquest
Starting age
Dark Age
Ending age
Imperial Age
RankedLock teamsTeams togetherTeam positionsShared explorationLock speedFull tech treeHidden civsTurbo modeCheats
Victory
Defeat
🇩🇪 Celts · Germany
2164
+14
🇺🇸 Italians · United States
2115
-14
Light Cav OP
7:09 Feudal Age
8:01 Double-Bit Axe
10:39 Castle Age
8:41 Horse Collar
11:34 Bow Saw
12:18 Heavy Plow
18:44 Wheelbarrow
20:18 Hand Cart
19:55 Loom
20:38 Gold Mining
24:09 Imperial Age
22:35 Fletching
23:06 Ballistics
22:33 Treadmill Crane
22:47 Stone Mining
23:43 Bodkin Arrow
23:49 Padded Archer Armor
24:49 Stone Shaft Mining
24:28 Masonry
25:12 Conscription
25:58 Chemistry
26:49 Two-Man Saw
26:10 Elite Genoese Crossbowman
27:38 Pirotechnia
28:14 Hoardings
28:16 Bracer
28:48 Architecture
28:51 Town Watch
29:41 Leather Archer Armor
29:39 Scale Barding Armor
30:46 Light Cavalry
31:36 Bloodlines
31:27 Husbandry
32:03 Ring Archer Armor
31:54 Chain Barding Armor
32:19 Murder Holes
32:35 Fortified Wall
32:12 Hussar
33:05 Forging
33:55 Guilds
35:09 Plate Barding Armor
38:25 Iron Casting
Monkey Boy
7:10 Feudal Age
11:10 Castle Age
8:58 Double-Bit Axe
10:09 Horse Collar
12:24 Bow Saw
16:32 Wheelbarrow
17:54 Loom
18:18 Heavy Plow
18:45 Town Watch
19:25 Gold Mining
19:31 Stone Mining
20:52 Hand Cart
24:13 Imperial Age
22:32 Scale Mail Armor
22:42 Forging
23:38 Chain Mail Armor
24:32 Gold Shaft Mining
25:27 Plate Mail Armor
24:22 Capped Ram
25:56 Conscription
26:27 Siege Ram
29:08 Iron Casting
28:49 Elite Woad Raider
30:55 Blast Furnace
31:50 Furor Celtica
32:43 Siege Engineers
33:00 Ballistics
34:50 Stronghold
34:54 Fletching
36:06 Chemistry
35:17 Masonry
38:30 Guilds
40:55 Scale Barding Armor
43:18 Light Cavalry
43:59 Husbandry
44:23 Chain Barding Armor
45:04 Hussar
Connection lost

Rejoining the realm…

Still unreachable

The connection could not be restored.

Session expired

The server has moved on; the page needs a fresh start.